 Dungeon Crawl Stone Soup version 0.30-a0-989-g0d87f670db (webtiles) character file.

Game seed: 15739301969818001441

12 holysushi the Poker (level 2, 25/26 HPs)
             Began as a Hill Orc Monk on Apr 3, 2023.
             Quit the game on level 1 of the Dungeon.
             The game lasted 00:00:18 (286 turns).

holysushi the Poker (Hill Orc Monk)                  Turns: 286, Time: 00:00:19

Health: 25/26      AC:  2    Str: 13    XL:     2   Next: 33%
Magic:  2/2        EV: 12    Int: 10    God:
Gold:   48         SH:  0    Dex: 13    Spells: 1/1 levels left

rFire   . . .      SeeInvis .    a - +0 spear
rCold   . . .      Faith    .    (no shield)
rNeg    . . .      Spirit   .    b - +0 robe
rPois   .          Reflect  .    (no helmet)
rElec   .          Rampage  .    (no cloak)
rCorr   .                        (no gloves)
Will    .....                    (no boots)
Stlth   ++                       (no amulet)
HPRegen 0.24/turn                (no ring)
MPRegen 0.08/turn                (no ring)

@: no status effects
A: no striking features
a: no special abilities


You were on level 1 of the Dungeon.
You visited 1 branch of the dungeon, and saw 1 of its levels.

You collected 48 gold pieces.

Inventory:

Hand Weapons
 a - a +0 spear (weapon)
Armour
 b - a +0 robe (worn)
Scrolls
 d - a scroll of enchant weapon {unknown}
Potions
 c - a potion of ambrosia
 e - a potion of haste {unknown}


   Skills:
 - Level 3.6 Fighting
 + Level 4.1 Polearms
 - Level 2.4 Dodging
 - Level 1.5 Stealth


You had one spell level left.
You didn't know any spells.
Your spell library was empty.

Dungeon Overview and Level Annotations

Branches:
Dungeon (1/15) Zot: 5717

Altars:


Message History

You reach to attack!
You hit the goblin.
The goblin is heavily wounded.
You barely miss the goblin.
The goblin is heavily wounded.
The goblin hits you with a +0 dagger.
You barely miss the goblin.
The goblin is heavily wounded.
The goblin hits you with a +0 dagger.
You hit the goblin.
You kill the goblin!
You see here a +0 dagger.
No target in view!
A bat comes into view.
You see here 16 gold pieces.
A bat is nearby!
A bat is nearby!
You reach to attack!
The helpless bat fails to defend itself.
You hit the bat.
You kill the bat!
You now have 48 gold pieces (gained 16).
You see here a bat corpse.
A bat comes into view.
A bat is nearby!
The bat completely misses you.
A bat is nearby!
You closely miss the bat. The bat hits you but does no damage.
A bat is nearby!
You reach to attack!
You hit the bat.
The bat is heavily wounded.
The bat hits you but does no damage.
A bat is nearby!
You reach to attack!
You hit the bat.
The bat is severely wounded.
The bat hits you but does no damage. The bat hits you.
A bat is nearby!
You miss the bat.
The bat is severely wounded.
The bat hits you but does no damage.
Are you sure you want to abandon this character and quit the game? (Confirm with "yes".)

#.........###.....#.#
##.......## #...##.#
##.....## ######.#
.......#...## #.#
..####.##+## ### #.#
#. #. ..# #.#
###.##.#####.# #.#
#..........#.# #.#
#.#.#..@##.#.######.#
#......#......†...#
#.#..b####.########
.. ##.## #.# ##
#.#####.# #.......#
#########


You could see a bat.

Vanquished Creatures
  A ball python (D:1)
  A bat (D:1)
  2 goblins (D:1)
  4 hobgoblins (D:1)
  2 rats (D:1)
10 creatures vanquished.

Notes
Turn   | Place    | Note
-------+----------+-------------------------------------------
     0 | D:1      | holysushi the Hill Orc Monk began the quest for the Orb.
     0 | D:1      | Reached XP level 1. HP: 19/19 MP: 1/1
   187 | D:1      | Reached XP level 2. HP: 26/26 MP: 2/2
   190 | D:1      | Reached skill level 4 in Polearms
   286 | D:1      | Quit the game

Illustrated notes

Levels and vault maps discovered:
D:1:      matt_arrival_grand_opening, layout_loops_corners, serial_forest,
          infiniplex_forest_end_1, infiniplex_forest_straight_3,
          infiniplex_forest_pool, infiniplex_forest_split,
          infiniplex_forest_clump_curved, infiniplex_forest_clump_C,
          infiniplex_forest_lined_room_2, infiniplex_forest_clump_small,
          infiniplex_forest_clump_double, minmay_pentomino_p2

Skill      XL: |  1  2 |
---------------+-------+-----
Polearms       | 4 |  4.1
Fighting       | |  3.6
Dodging        | |  2.4
Stealth        | |  1.5

Action                     || total
---------------------------++-------
  Melee: Spear             ||    39
   Stab: Sleeping          ||     3
 Armour: Robe              ||     6
  Dodge: Dodged            ||    11

Table legend: (Time is in decaauts)
 A = Elapsed time spent in this place.
 B = Non-inter-level travel time spent in this place.
 C = Inter-level travel time spent in this place.
 D = Time resting spent in this place.
 E = Time spent auto-exploring this place.
 F = Levels seen in this place.
 G = Mean time per level.
                   A        B        C        D        E       F      G
               +--------+--------+--------+--------+--------+-----+--------+
         Total |    283 |    283 |      0 |      0 |    204 |   1 |  283.0 |
       Dungeon |    283 |    283 |      0 |      0 |    204 |   1 |  283.0 |
               +--------+--------+--------+--------+--------+-----+--------+

Top non-repeatable levels by time:
     D:1: 283 daAuts
